 Dungeon Crawl Stone Soup version 0.17.2-1-ge4368a0 (webtiles) character file.

43 magog001 the Grave Robber (level 3, 0/24 HPs)
             Began as a Vampire Necromancer on Oct 23, 2016.
             Succumbed to a goblin's poison
             ... on level 2 of the Dungeon.
             The game lasted 00:15:11 (1607 turns).

magog001 the Grave Robber (Vampire Necromancer)     Turns: 1607, Time: 00:15:12

Health: 0/24       AC:  3    Str: 12    XL:     3   Next: 37%
Magic:  6/6        EV: 13    Int: 17    God:
Gold:   68         SH:  0    Dex: 15    Spells: 2 memorised, 4 levels left

rFire  + . .     SeeInvis +     l - +0 whip (vamp)
rCold  + . .     Clarity  .     f - +0 robe
rNeg   . . .     SustAt   .     (no shield)
rPois  +         Gourm    .     (no helmet)
rElec  +         Spirit   .     j - +0 cloak
rCorr  +         Warding  .     (no gloves)
rMut   .         Stasis   .     (no boots)
MR     .....                    (no amulet)
Stlth  ++........               (no ring)
                                (no ring)

@: mighty, lethally poisoned (0 -> -4), resistant, regenerating quickly, not
resistant to hostile enchantments, unstealthy
A: fangs 3, see invisible, unbreathing
a: no special abilities


You were on level 2 of the Dungeon.
You were full.

You visited 1 branch of the dungeon, and saw 2 of its levels.

You collected 68 gold pieces.

Inventory:

Hand Weapons
 l - a +0 vampiric whip (weapon)
Missiles
 h - 67 stones (quivered)
 i - 29 arrows
Armour
 a - a +0 robe
 f - a +0 robe (worn)
 j - a +0 cloak (worn)
Wands
 e - a wand of magic darts (0)
Scrolls
 k - a scroll of remove curse {unknown}
 m - a scroll of random uselessness {unknown}
 n - a scroll of recharging {unknown}
 p - a scroll of identify {unknown}
Potions
 c - 3 potions of blood
Books
 b - a book of Necromancy

   Spells                             Type                      Level
   a - Pain                           Necromancy                   1
   b - Animate Skeleton               Necromancy                   1
   c - Vampiric Draining              Necromancy                   3
   d - Regeneration                   Charms/Necromancy            3
   e - Animate Dead                   Necromancy                   4
   f - Control Undead                 Necromancy                   4


   Skills:
 * Level 0.2 Maces & Flails
 * Level 2.4 Dodging
 + Level 3.0 Stealth
 + Level 2.3 Spellcasting
 + Level 5.1 Necromancy
 + Level 0.5 Evocations


You had 4 spell levels left.
You knew the following spells:

 Your Spells              Type           Power        Failure   Level  Hunger
a - Pain                  Necr           ###.         2%          1    #......
b - Animate Skeleton      Necr           N/A          2%          1    #......


Dungeon Overview and Level Annotations

Branches:
Dungeon (2/15)

Altars:


Innate Abilities, Weirdness & Mutations

Your natural rate of healing is unusually fast.
You have razor-sharp teeth.
You have supernaturally acute eyesight.
You can survive without breathing.


Message History

* * * LOW HITPOINT WARNING * * *
You feel sick.
Items here: ! ( )) † a dagger of venom; an uncursed hunting sling; 10 stones; a goblin corpse a potion of blood
* * * LOW HITPOINT WARNING * * *
You feel sick.
* * * LOW HITPOINT WARNING * * *
You feel sick.
* * * LOW HITPOINT WARNING * * *
You feel sick.
* * * LOW HITPOINT WARNING * * *
You feel sick.
* * * LOW HITPOINT WARNING * * *
You feel sick.
Drink which item? (? for menu, Esc to quit)
You feel protected.
Drink which item? (? for menu, Esc to quit)
Yummy - fresh blood!
You die...

.#.#############.#
.................#
.#.################
.#....#(......)...#
.#.##.#.....####.##
.#..#.#(.##.# #.#
.#..#.#...#.# #.#
...<#.#...#.# #.#
.####.###.#.# #@#
.#........#.# #.#
.#.###.##.#.# #.#
.# ......#.# #.# .#
#.#.#..# #.# .#
#.#.#### #.# .# #
#<. ... .# #.. ###
.# #..


There were no monsters in sight!

Vanquished Creatures
  3 giant geckos
  4 bats
  2 giant cockroaches (D:2)
  6 goblins
  7 hobgoblins
  A quokka (D:2)
  2 giant newts
  8 kobolds
  2 rats
35 creatures vanquished.

Vanquished Creatures (collateral kills)
  A giant newt (D:1)
1 creature vanquished.

Grand Total: 36 creatures vanquished

Notes
Turn   | Place    | Note
--------------------------------------------------------------
     0 | D:1      | magog001 the Vampire Necromancer began the quest for the Orb.
     0 | D:1      | Reached XP level 1. HP: 13/13 MP: 3/3
    14 | D:1      | You fall through a shaft!
   119 | D:2      | Learned a level 1 spell: Animate Skeleton
   268 | D:2      | Reached XP level 2. HP: 14/19 MP: 0/5
   886 | D:1      | Reached skill level 5 in Necromancy
  1139 | D:1      | Reached XP level 3. HP: 22/24 MP: 6/6
  1605 | D:2      | HP: 1/24 [poisoned by a goblin]
  1607 | D:2      | Succumbed to a goblin's poison

Action                   || total
-------------------------++-------
Melee: Whip              ||    53
 Cast: Pain              ||    43
       Animate Skeleton  ||     7
Evoke: Wand              ||     6
  Use: Potion            ||    12
